Map: Blackpink LE

Players

puCK (Nina) - Winner!

  • Race: Protoss Protoss
  • Spawn Location: 1:00

Semper

  • Race: Terran Terran
  • League: Master
  • Spawn Location: 7:00

VOD

Have the link to the VOD?

Description

Time

  • Played on: Feb. 1, 2018, 7:38 p.m.
  • Length: 10:30
Show
View Real Time Build Order
Export as new Build Order

puCK Protoss - Winner!

Build Orders: 1 Gate Expand, Phoenix Opening 

Get SALT Encoding   

  12  0:01  Probe  
  13  0:13  Probe  
  14  0:18  Pylon  
  14  0:25  Probe (Chrono Boost)  
  15  0:37  Probe (Chrono Boost)  
  15  0:40  Assimilator  
  16  0:44  Gateway  
  16  0:47  Probe (Chrono Boost)  
  17  0:54  Probe  
  18  1:06  Probe  
  19  1:18  Probe  
  20  1:25  Nexus  
  20  1:34  Cybernetics Core  
  20  1:36  Probe  
  21  1:41  Assimilator  
  21  1:48  Probe  
  21  1:51  Pylon  
  22  2:01  Probe  
  23  2:09  Adept (Chrono Boost)  
  23  2:13  Probe  
  26  2:17  Warp Gate  
  26  2:20  Stargate  
  26  2:25  Probe  
  26  2:28  Adept  
  29  2:33  Shield Battery  
  29  2:38  Probe (Chrono Boost)  
  29  2:39  Probe (Chrono Boost)  
  31  2:50  Probe x2 (Chrono Boost)  
  33  2:54  Probe (Chrono Boost)  
  33  2:55  Adept, Probe (Chrono Boost)  
  37  3:03  Probe  
  38  3:06  Phoenix (Chrono Boost)  
  38  3:08  Probe  
  41  3:17  Probe  
  41  3:18  Pylon  
  42  3:20  Probe  
  42  3:25  Phoenix (Chrono Boost)  
  45  3:29  Probe  
  45  3:33  Pylon  
  46  3:36  Probe  
  47  3:41  Probe  
  47  3:45  Phoenix (Chrono Boost)  
  50  3:53  Nexus  
  50  3:54  Probe  
  51  4:01  Probe  
  52  4:03  Phoenix (Chrono Boost)  
  52  4:08  Assimilator  
  54  4:11  Assimilator  
  54  4:15  Probe x2  
  56  4:23  Phoenix (Chrono Boost)  
  58  4:26  Forge  
  58  4:27  Twilight Council  
  58  4:29  Probe  
  58  4:31  Probe  
  60  4:37  Adept  
  62  4:44  Pylon  
  62  4:53  Robotics Facility  
  62  4:55  Gateway  
  62  4:58  Protoss Ground Weapons Level 1 (Chrono Boost), Gateway  
  62  5:03  Resonating Glaives  
  62  5:08  Gateway  
  62  5:15  Gateway  
  62  5:19  Gateway  
  62  5:25  Gateway  
  62  5:26  Gateway  
  62  5:30  Phoenix (Chrono Boost)  
  62  5:31  Probe  
  62  5:33  Probe  
  62  5:35  Probe  
  67  5:43  Probe  
  67  5:45  Probe, Warp Prism  
  71  5:51  Phoenix (Chrono Boost)  
  71  5:52  Probe  
  71  5:55  Probe, Sentry  
  77  5:59  Pylon  
  77  6:06  Pylon  
  77  6:07  Adept  
  77  6:10  Adept  
  81  6:17  Adept x2  
  85  6:24  Adept  
  87  6:27  Pylon  
  87  6:29  Pylon  
  87  6:30  Adept x2  
  91  6:37  Probe  
  94  6:42  Pylon  
  94  6:43  Pylon  
  92  6:57  Adept x8  
  107  7:08  Pylon  
  103  7:15  Adept x2  
  87  7:21  Adept x3  
  77  7:36  Probe x2  
  75  7:50  Probe  
  75  7:51  Probe x2  
  71  7:58  Adept x5  
  74  8:04  Probe  
  69  8:11  Pylon  
  69  8:14  Pylon  
  69  8:17  Probe  
  69  8:18  Probe, Adept x2  
  69  8:19  Adept x3  
  81  8:20  Probe  
  82  8:30  Probe  
  82  8:38  Adept x4  
  82  8:39  Adept  
  82  8:41  Adept  
  93  8:46  Adept  
  77  9:04  Adept x4  
  77  9:05  Adept x2  
  77  9:07  Probe  
  90  9:11  Probe  
  91  9:19  Probe  
  91  9:20  Probe, Adept  
  93  9:23  Probe  
Show
View Real Time Build Order
Export as new Build Order

Semper Terran 

Build Orders: MMM Bio 

Get SALT Encoding   

  12  0:00  SCV  
  13  0:13  SCV  
  14  0:17  Supply Depot  
  14  0:25  SCV  
  14  0:28  Refinery  
  15  0:39  SCV  
  16  0:45  Barracks  
  16  0:51  SCV  
  17  1:03  SCV  
  18  1:15  SCV  
  19  1:31  Orbital Command  
  20  1:32  Reaper  
  20  1:42  Command Center  
  20  1:54  Factory  
  20  1:58  SCV  
  21  2:06  Barracks Reactor  
  21  2:10  SCV  
  22  2:18  Supply Depot, Refinery  
  22  2:23  SCV  
  23  2:39  SCV  
  23  2:42  Widow Mine  
  26  2:45  Marine  
  26  2:46  Marine  
  26  2:50  Starport  
  28  2:52  SCV  
  28  2:56  Orbital Command  
  29  3:04  SCV, Marine x2  
  32  3:09  Widow Mine  
  34  3:17  SCV  
  35  3:23  SCV  
  35  3:25  Marine x2  
  38  3:28  Medivac  
  38  3:30  SCV  
  38  3:32  Widow Mine  
  43  3:35  SCV  
  43  3:39  Supply Depot  
  44  3:42  SCV  
  44  3:43  Supply Depot  
  45  3:49  SCV  
  46  4:01  Widow Mine, SCV  
  51  4:04  SCV  
  52  4:17  SCV  
  51  4:19  SCV  
  51  4:20  Barracks  
  51  4:22  Barracks  
  51  4:26  Barracks Tech Lab  
  51  4:29  SCV  
  52  4:33  SCV  
  52  4:35  Factory Tech Lab  
  53  4:39  Engineering Bay  
  53  4:41  SCV  
  53  4:42  Supply Depot  
  53  4:43  Bunker  
  53  4:45  Stimpack, Marine  
  55  4:47  SCV  
  55  4:48  Starport Reactor  
  56  4:53  Supply Depot, SCV  
  56  4:59  SCV  
  58  5:02  Marine  
  58  5:05  Missile Turret, Command Center  
  59  5:07  Supply Depot  
  59  5:08  Missile Turret  
  59  5:11  SCV  
  60  5:16  SCV  
  60  5:19  Marine  
  60  5:20  Refinery  
  62  5:21  Terran Infantry Weapons Level 1  
  62  5:23  Factory Reactor  
  62  5:25  Marine  
  62  5:26  Marine x2, Combat Shields  
  65  5:31  Medivac  
  65  5:33  Medivac  
  69  5:40  SCV  
  69  5:42  SCV  
  71  5:43  Marine x2  
  73  5:51  Marine x2  
  73  5:52  SCV  
  73  5:53  Refinery  
  72  5:57  SCV  
  72  5:59  Barracks  
  72  6:00  Marine, Barracks  
  72  6:01  Supply Depot  
  74  6:12  Marine x3  
  74  6:13  SCV x2  
  79  6:18  Marine  
  79  6:20  Orbital Command  
  79  6:25  SCV  
  81  6:28  Widow Mine  
  81  6:29  Widow Mine, Marine  
  81  6:30  Marine, Marauder  
  81  6:32  Medivac x2  
  93  6:34  SCV  
  93  6:36  Marine  
  93  6:37  SCV  
  96  6:44  Liberator  
  96  6:45  Liberator  
  97  6:47  Marine  
  97  6:48  Marine  
  98  6:55  Widow Mine x2, Orbital Command  
  98  6:56  Barracks Reactor, Barracks Tech Lab  
  98  6:57  Supply Depot  
  100  7:04  Marine x2  
  100  7:05  Marine  
  109  7:12  Marauder  
  109  7:14  Marine  
  109  7:15  SCV  
  103  7:22  Marine x2  
  84  7:23  Marine  
  79  7:30  Orbital Command  
  79  7:32  Marine  
  79  7:33  Widow Mine  
  79  7:34  Marauder  
  73  7:37  SCV  
  73  7:39  Marine  
  73  7:40  Marine x2  
  73  7:41  Marine  
  72  7:48  SCV  
  72  7:50  Marine  
  72  7:51  Marine  
  68  7:54  Marine  
  68  7:55  SCV  
  68  7:57  Marine  
  68  7:58  Marine x2  
  69  8:04  Terran Infantry Armor Level 1  
  68  8:07  SCV, Marine  
  68  8:09  SCV  
  68  8:11  SCV  
  68  8:12  Marine  
  73  8:15  Marine  
  73  8:19  SCV  
  71  8:21  SCV  
  71  8:23  Marine x2  
  71  8:24  Barracks Reactor  
  73  8:27  Medivac  
  73  8:30  SCV  
  75  8:35  Missile Turret  
  75  8:36  SCV  
  75  8:39  Medivac  
  75  8:40  SCV  
  79  8:42  SCV  
  79  8:45  Marine x5  
  85  8:49  Widow Mine x2  
  85  8:54  SCV  
  74  9:00  Marine x2  
  64  9:02  Marine  
  64  9:03  Marine x4  
  64  9:07  SCV x2  
  69  9:10  Widow Mine  
  69  9:13  Widow Mine  
  67  9:18  Marine x2  
  67  9:20  Marine x2  
  67  9:21  Marine x3  
  53  9:31  Widow Mine  
  53  9:36  Marine  
Tags
 
Add a new tag
Caveats
  • Supply blocks, unpowered buildings, or Contaminate may cause inaccurate times.
  • Supply counts are checked every 10 seconds.